 Dungeon Sprint DCSS version 0.21-a0-471-gd587bd5 (webtiles) character file.

208942 esteth the Conqueror (level 18, -4/180 HPs)
             Began as a Minotaur Fighter on Nov 21, 2017.
             Was the Champion of Qazlal.
             Killed by divine providence
             ... invoked by a mummy priest
              (13 damage)
             ... in the Dungeon (Sprint V: "Ziggurat Sprint").
             The game lasted 00:20:54 (3573 turns).

esteth the Conqueror (Minotaur Fighter)             Turns: 3573, Time: 00:20:54

Health: -4/180     AC: 38    Str: 31    XL:     18   Next: 51%
Magic:  28/34      EV: 24    Int:  5    God:    Qazlal [******]
Gold:   0          SH: 47    Dex: 20    Spells: 17/17 levels left

rFire    . . .     SeeInvis +   u - +14 obsidian axe {chop, +Fly SInv *Curse} (curse)
rCold    + + .     Gourm    .   w - +18 shield of the Gong {rElec rN+ MR+ EV-5}
rNeg     + + +     Faith    .   v - +15 Maxwell's patent armour {-Cast -Tele rElec MR+ rCorr}
rPois    +         Spirit   .   (helmet restricted)
rElec    +         Reflect  +   q - +2 cloak {rPois}
rCorr    +         Harm     .   L - +0 pair of gloves {Dex+3}
MR       +++++     NoTele   +   (no boots) Stlth ..........NoCast +
                                p - amulet of Virph {Reflect Fragile rN++ MR+ SH+5 SInv}
HPRegen  0.40/turn              s - +6 ring of strength
MPRegen  0.24/turn              X - ring "Mirulaor" {+Blink rElec rC++ Str+3 Stlth+}

@: mesmerised, slowed, studying 2 skills, repel missiles, very slow
A: retaliatory headbutt, hooves 1, horns 2, blurry vision 1, deformed body,
frail 1, magic resistance 1
a: Upheaval, Elemental Force, Disaster Area, Renounce Religion, Evoke Blink,
Evoke Flight


You were in the Dungeon.
You worshipped Qazlal.
Qazlal was exalted by your worship.
You were not hungry.

You visited 1 branch

Inventory:

Hand Weapons
 u - the cursed +14 obsidian axe (weapon) {chop, +Fly SInv *Curse}
   (You found it in the Dungeon)

   It inflicts extra damage upon your enemies.
   It lets you see invisible.
   It lets you fly.
   It curses itself when equipped.
   It has a curse placed upon it.
 K - a +5 executioner's axe
 T - the +6 arbalest "Damnation" {damnation}
   (You found it in the Dungeon)
Armour
 b - a +0 scale mail
 c - a +0 shield
 q - a +2 cloak of poison resistance (worn)
 v - the +15 Maxwell's patent armour (worn) {-Cast -Tele rElec MR+ rCorr}
   (You found it in the Dungeon)

   It insulates you from electricity.
   It affects your resistance to hostile enchantments.
   It prevents spellcasting.
   It prevents most forms of teleportation.
   It protects you from acid and corrosion.
 w - the +18 shield of the Gong (worn) {rElec rN+ MR+ EV-5}
   (You found it in the Dungeon)

   It affects your evasion (-5).
   It insulates you from electricity.
   It protects you from negative energy.
   It affects your resistance to hostile enchantments.
 L - a +0 pair of gloves of dexterity (worn)
Jewellery
 o - the amulet of Vitality {Regen+ HP+15}
   (You found it in the Dungeon)

   [amulet of regeneration]

   It affects your health (+15).
   It increases your rate of regeneration.
 p - the amulet of Virph (around neck) {Reflect Fragile rN++ MR+ SH+5 SInv}
   (You found it in the Dungeon)

   [amulet of reflection]

   It shields you and reflects attacks.
   It greatly protects you from negative energy.
   It affects your resistance to hostile enchantments.
   It lets you see invisible.
   It will be destroyed if unequipped.
   It affects your SH (+5).
 r - the amulet "Itoremon" {+Rage Str-3 Dex+5}
   (You found it in the Dungeon)

   [amulet of rage]

   It affects your strength (-3).
   It affects your dexterity (+5).
   It lets you go berserk.
 s - a +6 ring of strength (left hand)
 t - the ring of Ygekozut {Ice rPois Int-3 SInv}
   (You found it in the Dungeon)

   [ring of ice]

   It enhances your ice magic.
   It affects your intelligence (-3).
   It makes you vulnerable to fire.
   It protects you from cold.
   It protects you from poison.
   It lets you see invisible.
 B - the ring "Wimnat" {Ice *Contam *Slow +Inv rElec Dex+6}
   (You found it in the Dungeon)

   [ring of ice]

   It enhances your ice magic.
   It affects your dexterity (+6).
   It makes you vulnerable to fire.
   It protects you from cold.
   It insulates you from electricity.
   It lets you turn invisible.
   It causes magical contamination when unequipped.
   It may slow you when you take damage.
 O - an uncursed amulet of rage
 P - an uncursed ring of protection from cold
 Q - a +2 ring of evasion
 S - an uncursed ring of fire
 U - the brooch of Shielding {Reflect SH+8}
   (You found it in the Dungeon)

   [amulet of reflection]

   It shields you and reflects attacks.
   It affects your SH (+8).
 V - the amulet "Serar" {Spirit Int+3 Dex+3}
   (You found it in the Dungeon)

   [amulet of guardian spirit]

   It causes incoming damage to be split between your health and magic.
   It affects your intelligence (+3).
   It affects your dexterity (+3).
 X - the ring "Mirulaor" (right hand) {+Blink rElec rC++ Str+3 Stlth+}
   (You found it in the Dungeon)

   [ring of strength]

   It affects your strength (+3).
   It greatly protects you from cold.
   It insulates you from electricity.
   It lets you blink.
   It makes you more stealthy.
 Y - the ring of Wiyng {+Blink rF+ MR+ Dex+4}
   (You found it in the Dungeon)

   [ring of protection from magic]

   It affects your dexterity (+4).
   It protects you from fire.
   It affects your resistance to hostile enchantments.
   It lets you blink.
 Z - the amulet of the Country {Harm *Drain rPois MR+}
   (You took it off a merfolk javelineer in the Dungeon)

   [amulet of harm]

   It increases damage dealt and taken.
   It protects you from poison.
   It affects your resistance to hostile enchantments.
   It causes draining when unequipped.
Wands
 l - a wand of disintegration (7)
 m - a wand of iceblast (7)
 n - a wand of acid (7)
Scrolls
 k - 4 scrolls of blinking
 y - 4 scrolls of amnesia
 D - 7 scrolls of fog
 E - a scroll of holy word
 F - 5 scrolls of identify
 G - 5 scrolls of remove curse
 H - 2 scrolls of fear
 N - 3 scrolls of brand weapon
Potions
 d - 7 potions of might
 e - 10 potions of curing
 g - 8 potions of heal wounds
 h - 13 potions of haste
 i - 7 potions of magic
 j - 3 potions of berserk rage
 x - 2 potions of brilliance
 z - 2 potions of invisibility
 A - 4 potions of resistance
 C - 7 potions of agility
Books
 R - a manual of Shields
 W - a manual of Slings
Miscellaneous
 a - 6 boxes of beasts
 M - a lamp of fire
Comestibles
 f - 3 bread rations
 I - 42 fruits
 J - 4 meat rations


   Skills:
 O Level 27 Fighting
 + Level 18.4 Axes
 O Level 27 Armour
 O Level 27 Dodging
 + Level 15.7 Shields
 O Level 27 Invocations
 O Level 27 Evocations


You had 17 spell levels left.
You didn't know any spells.

Dungeon Overview and Level Annotations

Branches:
Dungeon (1/1)

Altars:
Ashenzari
Cheibriados
Dithmenos
Elyvilon
Fedhas
Gozag
Hepliaklqana
Kikubaaqudgha
Makhleb
Nemelex Xobeh
Okawaru
Qazlal
Ru
Sif Muna
Trog
Uskayaw
Vehumet
Wu Jian
Xom
Yredelemnul
Zin
The Shining One
Beogh
Jiyva
Lugonu


Innate Abilities, Weirdness & Mutations

You reflexively headbutt those who attack you in melee.
You have a pair of horns on your head.
You have large cloven feet.
Scrolls take you a little longer to read.
Armour fits poorly on your strangely shaped body.
You are frail. (-10% HP)
You are resistant to hostile enchantments. (MR+)


Message History

You furiously retaliate!
You headbutt the guardian mummy, but do no damage.
The soul eater misses you. You furiously retaliate!
You headbutt the soul eater, but do no damage.
You feel much better.
The adder skeleton is struck by lightning.
The guardian mummy hits you but does no damage.
You block the soul eater's attack.
SHROANNG!
The greater mummy gestures at you while chanting.
Something smites you!
* * * LOW HITPOINT WARNING * * *
The greater mummy points at you and mumbles some strange words.
Something smites you!
* * * LOW HITPOINT WARNING * * *
The adder skeleton is struck by lightning.
You destroy the adder skeleton!
The mummy priest calls down the wrath of its god upon you.
Something smites you!
You die... )[| :}) [W≈4.[:)[§}}.s.): ..) .M|MM≈M§Ms≈sMsM≈.

)..
..3§§§§3s§MssMsM.
...
...§≈§sM§s≈≈≈s3..
...
▓....M≈≈≈≈≈≈≈≈≈≈≈≈..
.(.
▓......≈§≈≈§§≈≈≈≈...
... ▓...
▓≈.≈≈≈§≈.≈≈▓ ...
▓...▓▓▓..≈?M@|.▓▓
...
▓....▓...≈≈≈§3..▓.
..
▓......≈≈.§s§§§.....
..
▓.......≈≈..........
..
▓............≈≈≈....
..
▓....▓..≈.....≈.▓...
..
▓...▓▓▓..§...≈≈▓▓▓..
..
▓....▓......§...▓...
..
▓.................


You could see 6 greater mummies, 3 emperor scorpions, 2 mummy priests, 2 soul
eaters, 3 guardian mummies, a rust devil, a sixfirhy, a ynoxinul, 9 death
scarabs and a mummy.

Vanquished Creatures
  3 greater mummies (D)
  4 golden dragons (D)
  An Ice Fiend (D)
  3 quicksilver dragons (D)
  A deep elf master archer (D)
  7 titans (D)
  2 acid blobs (D)
  2 shadow dragons (D)
  8 fire giants (D)
  2 ghost moths (D)
  4 orc warlords (D)
  An iron dragon (D)
  2 emperor scorpions (D)
  11 frost giants (D)
  A ghoul (D)
  19 stone giants (D)
  2 entropy weavers (D)
  4 vampire knights (D)
  A death ooze (D)
  A mummy priest (D)
  14 ettins (D)
  3 merfolk javelineers (D)
  5 blizzard demons (D)
  2 fire dragons (D)
  8 yaktaur captains (D)
  5 ice dragons (D)
  3 hydras (D)
  7 two-headed ogres (D)
  7 centaur warriors (D)
  A dancing weapon (D)
  A death scarab (D)
  7 vampire magi (D)
  A deep elf knight (D)
  6 skeletal warriors (D)
  4 death drakes (D)
  A swamp dragon (D)
  A deep elf archer (D)
  11 wolf spiders (D)
  14 cyclopes (D)
  3 orc sorcerers (D)
  4 orc knights (D)
  4 orb spiders (D)
  7 necromancers (D)
  3 deep elf magi (D)
  3 slime creatures (D)
  3 shining eyes (D)
  5 moths of wrath (D)
  A torpor snail (D)
  A black mamba (D)
  3 komodo dragons (D)
  A spiny frog (D)
  8 rime drakes (D)
  5 demonic crawlers (D)
  5 freezing wraiths (D)
  5 ice devils (D)
  9 guardian mummies (D)
  3 yaktaurs (D)
  8 jumping spiders (D)
  8 polar bears (D)
  A polar bear (shapeshifter) (D)
  10 trolls (D)
  A tyrant leech (shapeshifter) (D)
  8 hornets (D)
  3 hippogriffs (D)
  A blink frog (D)
  2 flying skulls (D)
  An air elemental (D)
  7 redbacks (D)
  3 shadows (D)
  3 vampires (D)
  6 tarantellas (D)
  4 ushabtiu (D)
  A golden eye (D)
  6 wyverns (D)
  A yak (D)
  3 neqoxecs (D)
  An acid dragon (D)
  7 water moccasins (D)
  2 porcupines (D)
  6 ice beasts (D)
  8 orc warriors (D)
  A swamp drake (D)
  2 phantoms (D)
  3 ogres (D)
  4 centaurs (D)
  3 necrophages (D)
  5 crocodiles (D)
  2 bullfrogs (D)
  A gnoll sergeant (D)
  4 scorpions (D)
  10 wights (D)
  8 jellies (D)
  4 orc wizards (D)
  A hell rat (D)
  10 mummies (D)
  6 white imps (D)
  An ooze (D)
  5 adder zombies (D)
  3 adder skeletons (D)
  3 adder simulacra (D)
  2 orcs (D)
  A ball python (D)
  5 bat skeletons (D)
  13 bat zombies (D)
  A ball python zombie (D)
  A bat simulacrum (D)
  4 giant cockroach zombies (D)
  A jackal simulacrum (D)
  2 jackal skeletons (D)
  A jackal zombie (D)
  A leopard gecko simulacrum (D)
  2 leopard gecko skeletons (D)
  A leopard gecko zombie (D)
  A quokka zombie (D)
466 creatures vanquished.

Vanquished Creatures (collateral kills)
  An acid blob (D)
  A ghoul (D)
  A stone giant (D)
  A vampire knight (D)
  A merfolk javelineer (D)
  A death ooze (D)
  A hydra (D)
  A glowing orange brain (D)
  A necromancer (D)
  An orb spider (D)
  A cyclops (D)
  2 slime creatures (D)
  A neqoxec (D)
  A vampire (D)
  A yak (shapeshifter) (D)
  2 eyes of draining (D)
  A wight (D)
  An adder zombie (D)
  A jackal zombie (D)
21 creatures vanquished.

Vanquished Creatures (others)
  An ancient lich (D)
  2 deep elf master archers (D)
  4 stone giants (D)
  3 merfolk javelineers (D)
  3 yaktaur captains (D)
  A centaur warrior (D)
  An orb spider (D)
  A cyclops (D)
  A yaktaur (D)
  A troll (D)
  4 centaurs (D)
22 creatures vanquished.

Grand Total: 509 creatures vanquished

Notes
Turn   | Place    | Note
-------+----------+-------------------------------------------
     0 | D        | Found the +6 Majin-Bo {vamp, Archmagi MP+6 Int+6}
     0 | D        | Found the +7 great mace "Firestarter" {inner flame, rF++}
     0 | D        | esteth the Minotaur Fighter began the quest for the Orb.
     0 | D        | Reached XP level 1. HP: 19/19 MP: 0/0
     4 | D        | Found a deep blue altar of Sif Muna.
     4 | D        | Found a bloodstained altar of Trog.
     4 | D        | Found a sacrificial altar of Ru.
     4 | D        | Found a stormy altar of Qazlal.
     4 | D        | Found an iron altar of Okawaru.
     8 | D        | Found a sparkling altar of Nemelex Xobeh.
    10 | D        | Found a corrupted altar of Lugonu.
    10 | D        | Found an ancient bone altar of Kikubaaqudgha.
    10 | D        | Found a burning altar of Makhleb.
    10 | D        | Found a transporter.
    10 | D        | Found a viscous altar of Jiyva.
    10 | D        | Found a hazy altar of Hepliaklqana.
    20 | D        | Became a worshipper of Qazlal Stormbringer
    27 | D        | Found the +6 shillelagh "Devastator" {shatter}
    27 | D        | Found the +11 plutonium sword {*Contam Stlth-}
    27 | D        | Found the +8 lance "Wyrmbane" {slay drac, rPois rF+ rC+ AC+3}
    27 | D        | Found the +9 sword of Zonguldrok {reap}
    27 | D        | Found the cursed +13 scythe of Curses {drain, *Curse}
    27 | D        | Found the +0 sword of Power
    27 | D        | Found the +15 mace of Variability {chaos}
    27 | D        | Found the +7 Singing Sword
    27 | D        | Found the +7 longbow "Piercer" {penet, EV-2}
    28 | D        | Found the +9 heavy crossbow "Sniper" {velocity, Acc+∞ SInv}
    28 | D        | Found the +10 dark maul {crush}
    28 | D        | Found the +15 Maxwell's patent armour {-Cast -Tele rElec MR+ rCorr}
    28 | D        | Found the +18 shield of the Gong {rElec rN+ MR+ EV-5}
    28 | D        | Found the cursed +14 obsidian axe {chop, +Fly SInv *Curse}
    30 | D        | Found an opulent altar of Gozag.
    51 | D        | Found a blossoming altar of Fedhas.
    75 | D        | Reached skill level 5 in Axes
    75 | D        | Reached XP level 2. HP: 30/30 MP: 1/1
   104 | D        | Entered arena 2.
   104 | D        | Noticed a tarantella
   104 | D        | Noticed a scorpion
   104 | D        | Found a transporter.
   109 | D        | Killed a tarantella
   109 | D        | Reached XP level 3. HP: 20/40 MP: 2/2
   109 | D        | Reached XP level 4. HP: 24/48 MP: 3/3
   109 | D        | Reached XP level 5. HP: 26/53 MP: 4/4
   265 | D        | Entered arena 3.
   265 | D        | Found a transporter.
   266 | D        | Found the +9 staff of Olgreb {rPois}
   269 | D        | Reached * piety under Qazlal
   269 | D        | Reached XP level 6. HP: 61/63 MP: 5/5
   279 | D        | Entered arena 4.
   279 | D        | Noticed a tarantella
   279 | D        | Noticed a tarantella
   279 | D        | Found a transporter.
   282 | D        | Killed a tarantella
   282 | D        | Reached ** piety under Qazlal
   284 | D        | Killed a tarantella
   284 | D        | Reached skill level 10 in Fighting
   284 | D        | Reached skill level 10 in Axes
   284 | D        | Reached skill level 10 in Shields
   284 | D        | Reached XP level 7. HP: 73/73 MP: 5/8
   297 | D        | Entered arena 5.
   297 | D        | Found a transporter.
   298 | D        | Reached *** piety under Qazlal
   318 | D        | Entered arena 6.
   318 | D        | Found a transporter.
   321 | D        | Reached **** piety under Qazlal
   321 | D        | Reached skill level 10 in Armour
   321 | D        | Reached skill level 5 in Invocations
   321 | D        | Reached XP level 8. HP: 82/82 MP: 10/10
   341 | D        | Entered arena 7.
   342 | D        | Found a transporter.
   346 | D        | Reached ***** piety under Qazlal
   418 | D        | Entered arena 8.
   418 | D        | Noticed a polar bear
   419 | D        | Found a transporter.
   425 | D        | Gained mutation: You are frail. (-10% HP) [a neqoxec]
   426 | D        | Killed a polar bear
   426 | D        | Reached XP level 9. HP: 81/81 MP: 11/13
   426 | D        | Reached ****** piety under Qazlal
   439 | D        | Entered arena 9.
   440 | D        | Found the +5 pair of quick blades "Gyre" and "Gimble" {pierce, Dex-3}
   440 | D        | Found a transporter.
   464 | D        | Entered arena 10.
   464 | D        | Noticed a trident of venom
   464 | D        | Noticed a deep elf mage
   464 | D        | Noticed a deep elf archer
   464 | D        | Noticed a deep elf mage
   464 | D        | Noticed a deep elf mage
   464 | D        | Noticed a deep elf knight
   465 | D        | Found a transporter.
   466 | D        | Noticed a demonic crawler
   466 | D        | Noticed a jumping spider
   467 | D        | Noticed a demonic crawler
   468 | D        | Killed a trident of venom
   468 | D        | Noticed an alligator
   468 | D        | a snapping turtle changed into an alligator
   468 | D        | Identified the +6 great mace "Spiderbane" {flame, Str+4 Int+4 Dex+4}
   469 | D        | Killed a deep elf mage
   470 | D        | Killed a deep elf knight
   470 | D        | Noticed a tyrant leech
   470 | D        | an alligator changed into a tyrant leech
   472 | D        | Killed a deep elf mage
   472 | D        | Reached XP level 10. HP: 50/90 MP: 6/15
   477 | D        | Noticed a sun demon
   478 | D        | Killed a deep elf mage
   488 | D        | Killed a deep elf archer
   663 | D        | Entered arena 11.
   664 | D        | Found a transporter.
   678 | D        | Entered arena 12.
   679 | D        | Noticed an acid blob
   680 | D        | Found a transporter.
   687 | D        | Killed an acid blob
   687 | D        | Reached skill level 10 in Invocations
   687 | D        | Reached XP level 11. HP: 22/99 MP: 8/17
   994 | D        | Entered arena 13.
   994 | D        | Noticed a seven-headed hydra
   995 | D        | Noticed a six-headed hydra
   996 | D        | Reached skill level 15 in Shields
   997 | D        | Reached skill level 15 in Fighting
   999 | D        | Killed an eight-headed hydra
   999 | D        | Reached skill level 15 in Axes
  1003 | D        | Killed a nine-headed hydra
  1003 | D        | Reached skill level 15 in Armour
  1005 | D        | Found a transporter.
  1099 | D        | Entered arena 14.
  1100 | D        | Noticed a wolf spider
  1100 | D        | Noticed an orb spider
  1100 | D        | Noticed a wolf spider
  1100 | D        | Noticed an orb spider
  1100 | D        | Noticed a wolf spider
  1100 | D        | Noticed an entropy weaver
  1101 | D        | Noticed an orb spider
  1102 | D        | Killed an entropy weaver
  1104 | D        | Killed a wolf spider
  1108 | D        | Killed a wolf spider
  1109 | D        | Killed a wolf spider
  1113 | D        | Found a transporter.
  1117 | D        | Killed an orb spider
  1124 | D        | Killed an orb spider
  1131 | D        | Killed an orb spider
  1155 | D        | Entered arena 15.
  1156 | D        | Noticed a yaktaur captain
  1156 | D        | Noticed a yaktaur captain
  1158 | D        | Noticed a centaur warrior
  1159 | D        | Found the +6 arbalest "Damnation" {damnation}
  1159 | D        | Noticed a centaur warrior
  1159 | D        | Found a transporter.
  1161 | D        | Reached skill level 1 in Dodging
  1161 | D        | Killed a centaur warrior
  1161 | D        | Reached XP level 12. HP: 71/112 MP: 20/20
  1161 | D        | Killed a centaur warrior
  1163 | D        | Killed a yaktaur captain
  1163 | D        | Reached skill level 5 in Dodging
  1165 | D        | Killed a yaktaur captain
  1323 | D        | Entered arena 16.
  1324 | D        | Noticed a death ooze
  1324 | D        | Noticed an acid blob
  1325 | D        | Noticed an acid blob
  1325 | D        | Gained mutation: Armour fits poorly on your strangely shaped body. [a shining eye]
  1330 | D        | Killed a death ooze
  1331 | D        | Noticed a death ooze
  1332 | D        | Found the brooch of Shielding {Reflect SH+8}
  1333 | D        | Gained mutation: Scrolls take you a little longer to read. [a shining eye]
  1335 | D        | Found a transporter.
  1336 | D        | Killed a death ooze
  1337 | D        | Gained mutation: You are resistant to hostile enchantments. (MR+) [a shining eye]
  1338 | D        | Gained mutation: You have large cloven feet. [a shining eye]
  1340 | D        | Killed an acid blob
  1341 | D        | Killed an acid blob
  1386 | D        | Got the ring "Wimnat" {Ice *Contam *Slow +Inv rElec Dex+6}
  1440 | D        | Entered arena 17.
  1442 | D        | Noticed an ancient lich
  1442 | D        | Noticed a vampire knight
  1443 | D        | Noticed a vampire knight
  1443 | D        | Noticed a vampire mage
  1444 | D        | Noticed a vampire mage
  1448 | D        | Noticed a Brimstone Fiend
  1448 | D        | Killed a vampire mage
  1448 | D        | Reached XP level 13. HP: 124/124 MP: 22/22
  1448 | D        | Killed a vampire knight
  1450 | D        | Noticed a lorocyproca
  1450 | D        | Killed an ancient lich
  1450 | D        | Reached skill level 10 in Dodging
  1450 | D        | Reached skill level 15 in Invocations
  1451 | D        | Killed a vampire knight
  1452 | D        | Found a transporter.
  1481 | D        | Entered arena 18.
  1486 | D        | Found the +8 frozen axe "Frostbite" {freezing cloud, *Noise +Fly rC+}
  1499 | D        | Found a transporter.
  1516 | D        | Got the ring "Mirulaor" {+Blink rElec rC++ Str+3 Stlth+}
  1526 | D        | Got the ring of Wiyng {+Blink rF+ MR+ Dex+4}
  1548 | D        | Entered arena 19.
  1551 | D        | Noticed a ghoul
  1552 | D        | Noticed a jiangshi
  1558 | D        | Reached skill level 1 in Evocations
  1560 | D        | Killed a ghoul
  1577 | D        | Found a transporter.
  1668 | D        | Entered arena 20.
  1673 | D        | Noticed a stone giant
  1673 | D        | Noticed a stone giant
  1673 | D        | Noticed a stone giant
  1674 | D        | Found the amulet of Vitality {Regen+ HP+15}
  1675 | D        | Found a transporter.
  1678 | D        | Reached XP level 14. HP: 139/139 MP: 25/25
  1680 | D        | Reached skill level 5 in Evocations
  1683 | D        | Killed a stone giant
  1683 | D        | Reached skill level 15 in Dodging
  1686 | D        | Killed a stone giant
  1686 | D        | Killed a stone giant
  1718 | D        | Got the amulet of Virph {Reflect Fragile rN++ MR+ SH+5 SInv}
  1751 | D        | Got the amulet "Itoremon" {+Rage Str-3 Dex+5}
  1765 | D        | Entered arena 21.
  1765 | D        | Noticed a vampire knight
  1765 | D        | Noticed a vampire knight
  1765 | D        | Noticed a vampire knight
  1770 | D        | Noticed a ghoul
  1772 | D        | Killed a vampire knight
  1781 | D        | Killed a vampire knight
  1783 | D        | Killed a ghoul
  1792 | D        | Killed a vampire knight
  1801 | D        | Found a transporter.
  1809 | D        | Got the ring of Ygekozut {Ice rPois Int-3 SInv}
  1812 | D        | Entered arena 22.
  1815 | D        | Noticed an iron dragon
  1815 | D        | Noticed a golden dragon
  1815 | D        | Noticed a golden dragon
  1816 | D        | Noticed a golden dragon
  1816 | D        | Noticed a quicksilver dragon
  1816 | D        | Noticed a quicksilver dragon
  1817 | D        | Noticed a shadow dragon
  1817 | D        | Noticed a golden dragon
  1817 | D        | Noticed a quicksilver dragon
  1817 | D        | Noticed a shadow dragon
  1823 | D        | Killed a golden dragon
  1823 | D        | Killed a quicksilver dragon
  1824 | D        | Killed a quicksilver dragon
  1824 | D        | Reached skill level 10 in Evocations
  1824 | D        | Killed a golden dragon
  1824 | D        | Reached XP level 15. HP: 70/151 MP: 18/27
  1828 | D        | Killed an iron dragon
  1829 | D        | Killed a quicksilver dragon
  1830 | D        | Killed a golden dragon
  1834 | D        | Killed a shadow dragon
  1834 | D        | Killed a shadow dragon
  1839 | D        | Killed a golden dragon
  1852 | D        | Found a transporter.
  1981 | D        | Got the amulet "Serar" {Spirit Int+3 Dex+3}
  2125 | D        | Entered arena 23.
  2130 | D        | Noticed an orc warlord
  2130 | D        | Noticed an orc warlord
  2131 | D        | Noticed an orc warlord
  2132 | D        | Found the +8 longbow "Zephyr" {speed, Dex+3 SInv}
  2132 | D        | Noticed an orc warlord
  2139 | D        | Killed an orc warlord
  2145 | D        | Killed an orc warlord
  2145 | D        | Killed an orc warlord
  2146 | D        | Killed an orc warlord
  2245 | D        | Found a transporter.
  2447 | D        | Entered arena 24.
  2452 | D        | Noticed a deep elf master archer
  2452 | D        | Noticed a deep elf master archer
  2454 | D        | Noticed a deep elf master archer
  2456 | D        | Found a transporter.
  2460 | D        | Killed a deep elf master archer
  2460 | D        | Reached XP level 16. HP: 111/163 MP: 29/29
  2460 | D        | Killed a deep elf master archer
  2471 | D        | Identified the +11 dagger "Nydeloi" {venom, Str+4 Int+2}
  2476 | D        | Killed a deep elf master archer
  2476 | D        | Reached skill level 27 in Fighting
  2477 | D        | Reached skill level 15 in Evocations
  2488 | D        | Got the amulet of the Country {Harm *Drain rPois MR+}
  2749 | D        | Entered arena 25.
  2787 | D        | Found a transporter.
  2917 | D        | Entered arena 26.
  2926 | D        | Noticed an Ice Fiend
  2929 | D        | Reached skill level 27 in Armour
  2929 | D        | Reached XP level 17. HP: 75/171 MP: 31/31
  2929 | D        | Killed an Ice Fiend
  2935 | D        | Found a transporter.
  3207 | D        | Entered arena 27.
  3214 | D        | Noticed a titan
  3215 | D        | Noticed a titan
  3215 | D        | Noticed a titan
  3216 | D        | Noticed a titan
  3218 | D        | Noticed a titan
  3220 | D        | Noticed a titan
  3220 | D        | Noticed a titan
  3225 | D        | Killed a titan
  3225 | D        | Killed a titan
  3225 | D        | Reached skill level 27 in Dodging
  3225 | D        | Killed a titan
  3226 | D        | Killed a titan
  3226 | D        | Reached XP level 18. HP: 61/180 MP: 24/34
  3226 | D        | Reached skill level 27 in Invocations
  3538 | D        | Found a transporter.
  3549 | D        | Entered arena 28.
  3563 | D        | Noticed a greater mummy
  3564 | D        | Noticed a greater mummy
  3565 | D        | Noticed a greater mummy
  3565 | D        | Noticed a greater mummy
  3566 | D        | Noticed a greater mummy
  3566 | D        | Noticed a greater mummy
  3567 | D        | Found the +3 hat of Pondering {ponderous, MR+ MP+10 Int+5}
  3567 | D        | Noticed a greater mummy
  3570 | D        | Killed a greater mummy
  3570 | D        | Killed a greater mummy
  3571 | D        | Noticed a greater mummy
  3571 | D        | Killed a greater mummy
  3571 | D        | Reached skill level 27 in Evocations
  3573 | D        | HP: 9/180 [greater mummy/divine providence (16)]
  3573 | D        | Killed from afar by a mummy priest

Vault maps used:
D:        sprint_v

Skill      XL: |  1  2  3  4  5  6  7  8  9 10 11 12 13 14 15 16 17 18 |
---------------+-------------------------------------------------------+-----
Fighting       | 6 8 9 10 11 12 13 14 17 19 22 24 26 27 | 27.0
Axes           | 5 7 8 10 11 13 14 16 18 | 18.4
Shields        | 6 8 9 10 11 12 13 14 15 | 15.7
Armour         | 6 7 9 10 11 12 14 16 18 20 22 24 27 | 27.0
Invocations    | 3 5 6 8 10 12 14 16 18 20 23 26 27 | 27.0
Dodging        | 2 8 14 18 20 23 27 | 27.0
Evocations     | 4 10 13 17 22 27 | 27.0

Action                   |  1- 3 |  4- 6 |  7- 9 | 10-12 | 13-15 | 16-18 || total
-------------------------+-------+-------+-------+-------+-------+-------++-------
Melee: Broad axe         |     5 |     6 |    31 |    61 |   116 |    68 ||   287
       Headbutt          |       |       |     6 |    12 |    28 |    19 ||    65
       Kick              |       |       |       |     5 |    51 |    29 ||    85
Invok: Disaster Area     |       |       |     1 |     1 |     6 |     4 ||    12
       Upheaval          |       |       |       |     6 |       |     2 ||     8
  Use: Potion            |     1 |       |       |     2 |     5 |     2 ||    10
 Stab: Distracted        |       |       |       |       |     1 |       ||     1
  Eat: Chunk             |       |       |       |     1 |       |       ||     1
       Bread ration      |       |       |       |       |     1 |     1 ||     2
Armor: Plate armour      |     3 |     2 |     6 |    48 |    84 |    28 ||   171
Dodge: Dodged            |       |       |       |     8 |    78 |    61 ||   147
       Deflected         |       |       |       |     1 |    10 |     8 ||    19
Block: Shield            |     6 |     9 |    50 |   122 |   334 |   222 ||   743
       Reflection        |       |       |       |       |    40 |    46 ||    86

Table legend:
 A = Spawn XP
 B = Non-spawn XP
 C = Spawn XP percentage of total XP
 D = Spawn monster count
 E = Non-spawn monster count
 F = Spawn count percentage of total count
 G = Total turns spent on level
                    A         B        C        D         E        F      G
               +---------+---------+-------+---------+---------+-------+---------
         Total |       0 |  334844 |   0.0 |       0 |     507 |   0.0 |  3573
               +---------+---------+-------+---------+---------+-------+---------
             D |       0 |  334844 |   0.0 |       0 |     507 |   0.0 |  3573
               +---------+---------+-------+---------+---------+-------+---------
